 Seeded DCSS version 0.27-a0-1273-gec92ba881d (webtiles) character file.

Game seed: 20210609 (custom seed)

12784 Snicker the Cleaver (level 11, -10/94 HPs)
             Began as a Minotaur Gladiator on June 9, 2021.
             Was a Believer of Qazlal.
             Killed from afar by Azrael (20 damage)
             ... with damnation
             ... on level 1 of the Orcish Mines on June 11, 2021.
             The game lasted 00:21:48 (16526 turns).

Snicker the Cleaver (Minotaur Gladiator)           Turns: 16526, Time: 00:21:48

Health: -10/94     AC: 23    Str: 20    XL:     11   Next: 67%
Magic:  7/14       EV: 10    Int: 17    God:    Qazlal [**....]
Gold:   538        SH:  3    Dex: 22    Spells: 10/10 levels left

rFire    . . .     SeeInvis .   a - +6 rapier "Virofel" {elec, +Blink rElec}
rCold    x . .     Faith    .   (no shield)
rNeg     . . .     Spirit   .   N - +4 plate armour
rPois    .         Reflect  .   c - +1 hat
rElec    +         Harm     .   (no cloak)
rCorr    .         Rampage  .   H - +0 pair of gloves
Will     .....                  q - +1 pair of boots "Bacadd" {Dex+4}
Stlth    ..........             (no amulet)
HPRegen  0.25/turn              s - ring "Feups" {rElec rC- Int+6 Dex+4}
MPRegen  0.14/turn              F - +6 ring of intelligence

@: marked, very slightly contaminated, invisible
A: horns 2, retaliatory headbutt
a: Renounce Religion, Evoke Blink, Upheaval


You were on level 1 of the Orcish Mines.
You worshipped Qazlal.
Qazlal was pleased with you.
You visited 3 branches of the dungeon, and saw 13 of its levels.
You also visited: Sewer.

You collected 835 gold pieces.
You spent 297 gold pieces at shops.

Inventory:

Hand Weapons
 a - the +6 rapier "Virofel" (weapon) {elec, +Blink rElec}
   (You bought it in a shop on level 4 of the Dungeon)

   Occasionally, upon striking a foe, it can discharge electrical energy and
   cause terrible harm.
   It insulates you from electricity.
   It lets you blink.
 b - the +10 hunting sling of Pite Bong {venom, rElec Stlth+}
   (You found it on level 10 of the Dungeon)

   It poisons the ammo it fires.
   It insulates you from electricity.
   It makes you more stealthy.
 C - a +0 war axe
Missiles
 d - 8 throwing nets (quivered)
 u - 5 curare-tipped darts
 M - 87 sling bullets
Armour
 c - a +1 hat (worn)
 k - a +0 ring mail
 m - a +0 leather armour
 q - the +1 pair of boots "Bacadd" (worn) {Dex+4}
   (You found it on level 5 of the Dungeon)

   It affects your dexterity (+4).
 H - a +0 pair of gloves (worn)
 I - a +0 plate armour
 J - a +2 chain mail of cold resistance
 N - a +4 plate armour (worn)
Jewellery
 s - the ring "Feups" (left hand) {rElec rC- Int+6 Dex+4}
   (You found it on level 6 of the Dungeon)

   [ring of intelligence]

   It affects your intelligence (+6).
   It affects your dexterity (+4).
   It makes you vulnerable to cold.
   It insulates you from electricity.
 x - a ring of fire
 F - a +6 ring of intelligence (right hand)
Wands
 f - a wand of mindburst (19)
 w - a wand of charming (7)
 O - a wand of paralysis (11)
Scrolls
 e - 6 scrolls of teleportation
 g - 12 scrolls of identify
 i - 2 scrolls of blinking {unknown}
 o - 2 scrolls of enchant armour
 v - 2 scrolls of amnesia {unknown}
 y - a scroll of summoning {unknown}
 A - a scroll of brand weapon {unknown}
 D - a scroll of fear
 E - a scroll of acquirement {unknown}
 K - 2 scrolls of noise {unknown}
Potions
 h - 2 potions of lignification {unknown}
 j - 2 potions of mutation {unknown}
 l - 3 potions of resistance
 n - 2 potions of flight {unknown}
 p - 2 potions of haste {unknown}
 t - a potion of berserk rage {unknown}
 B - 2 potions of cancellation {unknown}
 G - a potion of degeneration {unknown}
 L - 2 potions of ambrosia {unknown}


   Skills:
 + Level 8.2 Fighting
 + Level 8.6 Short Blades
 + Level 10.3 Axes
 * Level 3.4(3.9) Slings
 + Level 2.1(3.0) Throwing
 + Level 10.3 Armour
 + Level 6.0 Dodging
 - Level 2.3 Stealth
 + Level 1.4 Shields
 * Level 5.8 Invocations
 * Level 4.7 Evocations


You had 10 spell levels left.
You didn't know any spells.
Your spell library contained the following spells:

 Spells                   Type           Power      Damage    Failure   Level
 Animate Skeleton         Necr           0%         N/A       98%         1
 Beastly Appendage        Tmut           0%         N/A       98%         1
 Freeze                   Ice            0%         1d3       98%         1
 Pain                     Necr           0%         1d4       98%         1
 Wereblood                Tmut           0%         N/A       99%         2
 Frozen Ramparts          Ice            0%         1d2       100%        3
 Ozocubu's Armour         Ice            0%         N/A       100%        3
 Spider Form              Tmut/Pois      0%         N/A       100%        3
 Vampiric Draining        Necr           0%         2d6       100%        3
 Animate Dead             Necr           0%         N/A       100%        4
 Hailstorm                Conj/Ice       0%         3d3       100%        4
 Ice Form                 Ice/Tmut       0%         N/A       100%        4
 Agony                    Necr           0%         N/A       100%        5
 Metabolic Englaciation   Hex/Ice        0%         N/A       100%        5


Dungeon Overview and Level Annotations

Branches:
Dungeon (10/15)            Temple (1/1) D:6            Lair (0/6) D:10
    Orc (2/2) D:9           Sewer (visited)
    Elf: Orc:2

Altars:
Ashenzari
Cheibriados
Dithmenos
Elyvilon
Fedhas
Gozag
Hepliaklqana
Kikubaaqudgha
Makhleb
Nemelex Xobeh
Okawaru
Qazlal
Ru
Sif Muna
Trog
Uskayaw
Vehumet
Wu Jian
Xom
Yredelemnul
Zin
The Shining One

Shops:
D:4 (   D:5 !   D:7 (   D:10 :   Orc:2 :

Annotations:
Orc:1 Azrael


Innate Abilities, Weirdness & Mutations

You have a pair of horns on your head.
You reflexively headbutt those who attack you in melee.


Message History

The orange demon hits you.
* * * LOW HITPOINT WARNING * * *
The orc warrior hits you but does no damage.
The orc hits you but does no damage.
You climb upwards.
Reactivating autopickup.
There is a stone staircase leading down here.
Unknown command.
As you read the scroll of fear, it crumbles to dust.
You assume a fearsome visage.
The orc warrior looks frightened!
Azrael is unaffected.
The orc looks frightened! x2; Azrael barely misses you.
You furiously retaliate!
You headbutt Azrael!
The orc is engulfed in freezing vapours.
You kill the orc!
Qazlal accepts your kill.
Okay, then.
Unknown command.
Press: ? - help, v - describe, . - travel
Here: Azrael, wielding a +1 scimitar of flaming (lightly wounded)
The floor.
Unknown command.
You fade into invisibility!
Azrael hits you with a +1 scimitar of flaming.
* * * LOW HITPOINT WARNING * * *
Azrael burns you.
* * * LOW HITPOINT WARNING * * *
You are very lightly contaminated with residual magic.
Unknown command.
Okay, then.
Unknown command.
Unknown command.
Unknown command.
Unknown command.
Unknown command.
Unknown command.
You hit Azrael.
Azrael is lightly wounded.
Azrael gestures at you.
The sphere of damnation explodes!
The damnation engulfs you!!
You die...

####..#.#...............#####
#.#........#........#....#
...#......##.......#....##
#.........##.............#
##...................##.##
##............[.)o.#####
#..............#.#####
##...........[..R###.####
##.#......#.o[<@).#...#.##
##............)[..........#
#...##...................##
##.######................##
#...##.#.#....#...........##
##.........................##
##.......................#.##
#.....................#.....#
#....................###.#.##


You could see Azrael, an orc warrior (fleeing) and an orc (fleeing).

Vanquished Creatures
  Harold (D:9)
  An ogre mage (Orc:2)
  A centaur warrior (D:10)
  A death knight (D:10)
  2 orc sorcerers (Orc:2)
  2 orc knights (D:9)
  A cyclops (D:10)
  3 trolls
  A shadow (D:9)
  8 yaks
  A wyvern (D:8)
  A fire elemental (Orc:2)
  A steam dragon (D:9)
  6 wargs
  2 vampire mosquitoes (D:6)
  2 hell hounds (Orc:1)
  2 water moccasins
  An ice beast (D:5)
  14 orc warriors
  A necrophage (D:6)
  2 ogres
  2 centaurs
  A phantom (D:6)
  4 kobold brigands
  A wyvern zombie (D:6)
  A gnoll sergeant (D:6)
  A scorpion (D:4)
  12 killer bees
  An electric eel (D:7)
  2 howler monkeys (D:8)
  A bullfrog skeleton (D:6)
  A hound (D:5)
  A jelly (D:6)
  5 orc priests
  2 centaur skeletons
  4 iguanas
  16 orc wizards
  A killer bee zombie (D:7)
  3 hound skeletons (D:4)
  3 howler monkey zombies
  9 gnolls
  A river rat (Sewer)
  5 adders
  2 shadow imps
  A white imp (D:6)
  2 ufetubi (D:5)
  5 dart slugs
  40 orcs
  10 bats
  12 endoplasms
  8 giant cockroaches
  7 goblins
  8 hobgoblins
  6 jackals
  2 quokkas
  5 ball pythons
  5 frilled lizards
  20 kobolds
  9 rats
273 creatures vanquished.

Vanquished Creatures (others)
  A dart slug (D:4)
1 creature vanquished.

Grand Total: 274 creatures vanquished

Notes
Turn   | Place    | Note
-------+----------+-------------------------------------------
     0 | D:1      | Snicker the Minotaur Gladiator began the quest for the Orb.
     0 | D:1      | Reached XP level 1. HP: 18/18 MP: 0/0
    30 | D:1      | Reached XP level 2. HP: 13/25 MP: 1/1
   532 | D:1      | Reached XP level 3. HP: 30/30 MP: 2/2
   928 | D:1      | Found a faded altar of an unknown god.
  1095 | D:1      | Upgraded the game from 0.27-a0-1245-g940ed4fa31 to
                  | 0.27-a0-1273-gec92ba881d
  1578 | D:2      | Reached skill level 1 in Armour
  1946 | D:3      | Reached skill level 5 in Axes
  1946 | D:3      | Reached XP level 4. HP: 32/37 MP: 3/3
  2283 | D:3      | Found a glowing drain.
  2296 | Sewer    | Entered a sewer
  2353 | Sewer    | Noticed a kobold brigand
  2366 | Sewer    | Killed a kobold brigand
  2367 | Sewer    | Reached XP level 5. HP: 23/45 MP: 4/4
  2518 | Sewer    | Found a white marble altar of Elyvilon.
  2698 | D:4      | Found Rolu's Antique Weapon Boutique.
  2726 | D:4      | Reached XP level 6. HP: 48/51 MP: 5/5
  2898 | D:4      | Found a white marble altar of Elyvilon.
  5117 | D:5      | Entered Level 5 of the Dungeon
  5159 | D:5      | Reached XP level 7. HP: 57/58 MP: 6/6
  5162 | D:5      | Found Joraybei's Distillery.
  5380 | D:5      | Identified the +1 pair of boots "Bacadd" {Dex+4}
  5541 | D:5      | Found an opulent altar of Gozag.
  5551 | D:5      | Found a bloodstained altar of Trog.
  5565 | D:5      | Found a burning altar of Makhleb.
  5754 | D:5      | Found a shimmering altar of Xom.
  5824 | D:5      | HP: 2/59 [ice beast (14)]
  6243 | D:5      | Found a glowing golden altar of the Shining One.
  6380 | D:6      | Noticed a vampire mosquito
  6380 | D:6      | Noticed a vampire mosquito
  6392 | D:6      | Killed a vampire mosquito
  6393 | D:6      | Reached skill level 5 in Armour
  6393 | D:6      | Reached skill level 1 in Stealth
  6403 | D:6      | Killed a vampire mosquito
  6611 | D:6      | Identified the ring "Feups" {rElec rC- Int+6 Dex+4}
  6689 | D:6      | Reached XP level 8. HP: 58/67 MP: 7/7
  6872 | D:6      | Found a staircase to the Ecumenical Temple.
  6876 | D:6      | Reached skill level 5 in Fighting
  6915 | Temple   | Entered the Ecumenical Temple
  7168 | Temple   | Became a worshipper of Qazlal Stormbringer
  8494 | D:7      | Reached skill level 5 in Dodging
  8540 | D:7      | Reached skill level 1 in Invocations
  8660 | D:7      | Found Wahan's Weapon Emporium.
  8725 | D:7      | Reached XP level 9. HP: 68/75 MP: 7/9
  8987 | D:4      | Bought a steaming rapier for 297 gold pieces
  8987 | D:4      | Identified the +6 rapier "Virofel" {elec, +Blink rElec}
                  | (You bought it in a shop on level 4 of the Dungeon)
  9514 | D:8      | Found a snail-covered altar of Cheibriados.
  9617 | D:8      | Reached skill level 10 in Axes
  9617 | D:8      | Reached skill level 1 in Evocations
  9622 | D:8      | Reached skill level 1 in Short Blades
 10253 | D:8      | Reached * piety under Qazlal
 11193 | D:9      | Found a hide-covered altar of Uskayaw.
 11339 | D:9      | Noticed Harold
 11345 | D:9      | Killed Harold
 11346 | D:9      | Reached skill level 5 in Short Blades
 11346 | D:9      | Reached XP level 10. HP: 80/84 MP: 11/11
 11374 | D:9      | Found a staircase to the Orcish Mines.
 12462 | D:10     | Entered Level 10 of the Dungeon
 12471 | D:10     | Noticed a centaur warrior
 12472 | D:10     | Found a shimmering altar of Xom.
 12481 | D:10     | Killed a centaur warrior
 12762 | D:10     | Found a burning altar of Makhleb.
 12764 | D:10     | Noticed a cyclops
 12773 | D:10     | Killed a cyclops
 13066 | D:10     | Found a sacrificial altar of Ru.
 13067 | D:10     | Noticed a death knight
 13078 | D:10     | Killed a death knight
 13283 | D:10     | Reached ** piety under Qazlal
 13328 | D:10     | Found Uludec's Book Shoppe.
 13344 | D:10     | Identified the +10 hunting sling of Pite Bong {venom, rElec
                  | Stlth+}
 13979 | Orc:1    | Entered Level 1 of the Orcish Mines
 13981 | Orc:1    | Noticed an orc knight
 14217 | D:9      | Killed an orc knight
 14218 | D:9      | Reached skill level 1 in Shields
 14218 | D:9      | Reached XP level 11. HP: 50/93 MP: 13/13
 14528 | D:9      | Reached skill level 1 in Slings
 14793 | D:10     | Found a staircase to the Lair.
 15106 | Orc:1    | Noticed an orc knight
 15122 | D:9      | Killed an orc knight
 15257 | D:9      | Reached skill level 5 in Invocations
 15701 | Orc:2    | Entered Level 2 of the Orcish Mines
 15702 | Orc:2    | Noticed an orc sorcerer
 15712 | Orc:2    | Killed an orc sorcerer
 15726 | Orc:2    | Noticed an ogre mage
 15726 | Orc:2    | Paralysed by an ogre mage for 6 turns
 15729 | Orc:2    | Noticed an ogre mage
 15740 | Orc:2    | Killed an ogre mage
 15741 | Orc:2    | Reached skill level 10 in Armour
 15801 | Orc:2    | Found Bankafe's Book Shoppe.
 15806 | Orc:2    | Noticed an orc sorcerer
 15809 | Orc:2    | Killed an orc sorcerer
 15875 | Orc:2    | Noticed Azrael
 16024 | Orc:2    | Noticed an orc sorcerer
 16028 | Orc:1    | Reached *** piety under Qazlal
 16520 | Orc:2    | HP: 4/94 [orc priest/divine providence (12)]
 16523 | Orc:2    | Noticed a sun demon
 16526 | Orc:1    | Killed from afar by Azrael

Illustrated notes

Levels and vault maps discovered:
D:1:      onia_arrival_mini_maze, layout_loops_ring,
          hellmonk_ecumenical_altar_inner_sanctum, dk_noncrumbling_3,
          minmay_misc_feat_roman
D:2:      layout_basic
D:3:      layout_basic, portal_sewer_entry_d
D:4:      kb_forest_paths, layout_layer_cave, elyvilon_altar_4, serial_shops,
          nicolae_shop_statue_plus, kennysheep_small_circle
D:5:      layout_loops_cross, general_overflow_altar, kennysheep_mini_moat,
          nicolae_overflow_hidden_temple, grunt_gozag_statues,
          marbit_many_paths, serial_shops, shop, glass_columns_a,
          minmay_misc_feat_columns
D:6:      layout_loops_corners, minmay_temple_entry_overgrown
D:7:      layout_loops_corners, enter_bailey_3, serial_shops, shop,
          hangedman_decor_slide_cut, nicolae_water_bricks
D:8:      layout_loops_ring, lemuel_tele_altar, serial_glass, glass_columns_a,
          glass_columns_a, minmay_strange_pillars
D:9:      layout_basic, old_standard_altar, orc_david_3, uniq_harold
D:10:     layout_roguey, lemuel_round_altar, lair_entry_dummy, serial_shops,
          shop, hangedman_feature_mirror
Temple:   cyrus_circular_temple
Orc:1:    layout_caves
Orc:2:    kennysheep_orc_mage_school, layout_caves, serial_shops,
          nicolae_shop_behind_doors, nicolae_shop_waterfront, uniq_azrael

Skill      XL: |  1  2  3  4  5  6  7  8  9 10 11 |
---------------+----------------------------------+-----
Axes           | 4 5 6 7 8 9 10 | 10.3
Armour         | 1 2 3 4 5 6 7 9 10 | 10.3
Fighting       | 3 4 6 7 8 |  8.2
Dodging        | 4 5 6 |  6.0
Stealth        | 1 2 |  2.3
Invocations    | 1 3 4 5 |  5.8
Evocations     | 2 4 |  4.7
Short Blades   | 5 8 |  8.6
Shields        | 1 |  1.4
Slings         | 3 |  3.4
Throwing       | |  2.1

Action                   |  1- 3 |  4- 6 |  7- 9 | 10-12 || total
-------------------------+-------+-------+-------+-------++-------
Melee: War axe           |    67 |   136 |   153 |       ||   356
       Headbutt          |     9 |    28 |    53 |    72 ||   162
       Rapier            |       |       |    63 |   205 ||   268
 Fire: Hunting sling     |       |       |       |    45 ||    45
Throw: Throwing net      |       |       |       |     2 ||     2
Invok: Upheaval          |       |       |       |     2 ||     2
  Use: Scroll            |       |     5 |       |     1 ||     6
       Potion            |       |     2 |     5 |     7 ||    14
 Stab: Invisible         |       |       |     4 |       ||     4
       Sleeping          |       |       |     3 |       ||     3
       Held in net/web   |       |       |       |     2 ||     2
Armor: Leather armour    |    20 |       |       |       ||    20
       Ring mail         |     5 |    53 |    79 |       ||   137
       Plate armour      |       |       |     9 |    90 ||    99
       Chain mail        |       |       |       |    96 ||    96
Dodge: Dodged            |    65 |   103 |   184 |   173 ||   525
Block: Other             |       |       |       |    26 ||    26

Table legend: (Time is in decaauts)
 A = Elapsed time spent in this place.
 B = Non-inter-level travel time spent in this place.
 C = Inter-level travel time spent in this place.
 D = Time resting spent in this place.
 E = Time spent auto-exploring this place.
 F = Levels seen in this place.
 G = Mean time per level.
                   A        B        C        D        E       F      G
               +--------+--------+--------+--------+--------+-----+--------+
         Total |  16618 |  14855 |   1763 |   3162 |   9567 |  14 | 1187.0 |
       Dungeon |  14868 |  13156 |   1712 |   2599 |   8710 |  10 | 1486.8 |
        Temple |    268 |    239 |     29 |      0 |    237 |   1 |  268.0 |
  Orcish Mines |   1178 |   1157 |     21 |    563 |    378 |   2 |  589.0 |
         Sewer |    302 |    302 |      0 |      0 |    241 |   1 |  302.0 |
               +--------+--------+--------+--------+--------+-----+--------+

Top non-repeatable levels by time:
     D:9: 2338 daAuts
     D:4: 2028 daAuts
     D:6: 1504 daAuts
     D:7: 1490 daAuts
     D:5: 1455 daAuts
     D:8: 1384 daAuts
    D:10: 1328 daAuts
     D:1: 1320 daAuts
     D:3: 1289 daAuts
   Orc:1: 963 daAuts
     D:2: 728 daAuts
   Sewer: 302 daAuts
  Temple: 268 daAuts
   Orc:2: 214 daAuts
